[ PARTIDA AOE2 · #480543266 ]
1v1 RMRomanos vs Khmer
Equipo del jugador · VICT
Equipo rival · DERR
[ ANÁLISIS DE REPETICIÓN · EXTRAÍDO DE LA PARTIDA GRABADA ]
Feudal
8:53
Castillos
21:09
Imperial
44:40
| APM promedio | 50.4 |
| APM pico | 97 |
| eAPM promedio | 22.5 |
| Aldeanos / militares | 100 / 137 |
Foco
⚔️ 40.1% · 🌾 59.9%
Knight ×62 · Spearman ×50 · Archer ×8 · Monk ×5 · Militia ×4 · Battering Ram ×4
Feudal
9:15
Castillos
24:02
Imperial
38:58
| APM promedio | 37.5 |
| APM pico | 86 |
| eAPM promedio | 22.9 |
| Aldeanos / militares | 134 / 101 |
Foco
⚔️ 26.9% · 🌾 73.1%
Scout Cavalry ×39 · Battle Elephant ×35 · Monk ×11 · Scorpion ×8 · Battering Ram ×8
Mapa de la partida
Recursos iniciales + cada clic de construcción. Líneas = muros · curvas = relieve. ◆ oro · ⬟ piedra · ● bayas · ✦ reliquia · ◌ hueco del cierre
Tu base· ✓ Cerrada en 21:09 · 40t muro · 1 puerta(s)
Base de zsteele99· ✓ Cerrada en 24:02 · 42t muro · sin puerta
Terreno inicial suavizado · ◌ = hueco del cierre detectado · pasá el cursor para detalles
Inputs por minuto
— HuasoNinja - - zsteele99
Build order — HuasoNinja
Primeras 150 de 389 acciones detectadas
| 0:00 | Crear | Villager (Male) |
| 0:01 | Crear | Villager (Male) |
| 0:02 | Crear | Villager (Male) |
| 0:03 | Construir | House |
| 0:04 | Construir | House |
| 0:17 | Crear | Villager (Male) |
| 1:23 | Crear | Villager (Male) |
| 1:23 | Crear | Villager (Male) |
| 1:56 | Crear | Villager (Male) |
| 2:09 | Construir | Lumber Camp |
| 2:30 | Crear | Villager (Male) |
| 2:30 | Crear | Villager (Male) |
| 2:38 | Construir | House |
| 2:57 | Crear | Villager (Male) |
| 2:59 | Crear | Villager (Male) |
| 2:59 | Crear | Villager (Male) |
| 2:59 | Crear | Villager (Male) |
| 3:35 | Crear | Villager (Male) |
| 4:12 | Crear | Villager (Male) |
| 4:20 | Crear | Villager (Male) |
| 4:26 | Crear | Villager (Male) |
| 4:26 | Crear | Villager (Male) |
| 5:26 | Crear | Villager (Male) |
| 5:33 | Construir | Barracks |
| 5:43 | Crear | Villager (Male) |
| 5:44 | Crear | Villager (Male) |
| 6:09 | Construir | House |
| 6:11 | Crear | Villager (Male) |
| 6:26 | Investigar | Loom |
| 6:43 | Investigar | Feudal Age |
| 6:44 | Investigar | Feudal Age |
| 7:02 | Construir | Mining Camp |
| 7:16 | Crear | Militia |
| 7:17 | Crear | Militia |
| 7:52 | Crear | Villager (Male) |
| 8:01 | Crear | Villager (Male) |
| 8:04 | Crear | Militia |
| 8:26 | Crear | Militia |
| 8:38 | Construir | House |
| 8:53 | Edad | Edad Feudal |
| 8:57 | Investigar | Man-at-Arms (upgrade) |
| 9:14 | Construir | Archery Range |
| 9:19 | Crear | Villager (Male) |
| 9:21 | Investigar | Loom |
| 9:28 | Crear | Villager (Male) |
| 10:02 | Crear | Villager (Male) |
| 10:05 | Crear | Archer |
| 10:05 | Crear | Archer |
| 10:08 | Crear | Villager (Male) |
| 10:10 | Construir | House |
| 10:12 | Construir | Palisade Wall |
| 10:19 | Construir | Mill |
| 10:32 | Crear | Spearman |
| 10:43 | Crear | Villager (Male) |
| 10:46 | Crear | Archer |
| 11:03 | Construir | Farm |
| 11:06 | Construir | Farm |
| 11:46 | Crear | Villager (Male) |
| 11:50 | Crear | Archer |
| 12:05 | Crear | Villager (Male) |
| 12:11 | Construir | House |
| 12:16 | Construir | Farm |
| 12:17 | Construir | Farm |
| 12:18 | Crear | Villager (Male) |
| 12:35 | Crear | Villager (Male) |
| 13:04 | Crear | Villager (Male) |
| 13:14 | Crear | Villager (Male) |
| 13:25 | Crear | Spearman |
| 13:40 | Construir | House |
| 13:45 | Crear | Archer |
| 13:45 | Crear | Archer |
| 13:46 | Crear | Spearman |
| 13:48 | Crear | Villager (Male) |
| 13:51 | Construir | Farm |
| 13:56 | Construir | Farm |
| 13:59 | Construir | Farm |
| 14:02 | Construir | Farm |
| 14:03 | Crear | Villager (Male) |
| 14:09 | Construir | Palisade Wall |
| 14:16 | Crear | Archer |
| 14:21 | Construir | Blacksmith |
| 14:23 | Construir | Palisade Wall |
| 14:25 | Construir | Palisade Wall |
| 14:31 | Crear | Villager (Male) |
| 14:32 | Crear | Archer |
| 14:51 | Crear | Villager (Male) |
| 15:05 | Construir | Watch Tower |
| 15:18 | Crear | Villager (Male) |
| 15:23 | Construir | Market |
| 15:26 | Crear | Villager (Male) |
| 15:41 | Crear | Villager (Male) |
| 15:44 | Construir | Palisade Wall |
| 15:45 | Construir | Palisade Wall |
| 15:45 | Construir | Palisade Wall |
| 15:46 | Construir | Palisade Wall |
| 15:46 | Construir | Palisade Wall |
| 15:53 | Construir | Farm |
| 15:58 | Crear | Villager (Male) |
| 16:28 | Construir | House |
| 16:33 | Construir | Palisade Wall |
| 16:41 | Crear | Villager (Male) |
| 16:43 | Construir | Farm |
| 17:07 | Crear | Villager (Male) |
| 17:12 | Construir | Farm |
| 17:14 | Construir | Farm |
| 17:16 | Construir | Farm |
| 17:23 | Construir | House |
| 17:25 | Construir | Palisade Wall |
| 17:45 | Crear | Villager (Male) |
| 17:58 | Construir | Lumber Camp |
| 18:00 | Crear | Spearman |
| 18:00 | Crear | Spearman |
| 18:27 | Construir | House |
| 18:28 | Investigar | Castle Age |
| 18:55 | Construir | House |
| 18:59 | Construir | Stable |
| 19:05 | Construir | Farm |
| 19:24 | Construir | House |
| 19:26 | Construir | House |
| 19:27 | Construir | House |
| 19:30 | Construir | Farm |
| 19:33 | Investigar | Double-Bit Axe |
| 19:49 | Investigar | Gold Mining |
| 20:06 | Investigar | Scale Barding Armor |
| 20:24 | Construir | Stable |
| 20:27 | Investigar | Bloodlines |
| 20:40 | Construir | Farm |
| 20:43 | Construir | Farm |
| 20:43 | Construir | Farm |
| 21:08 | Construir | Palisade Gate |
| 21:09 | Edad | Edad de los Castillos |
| 21:18 | Investigar | Horse Collar |
| 21:19 | Crear | Villager (Male) |
| 21:25 | Investigar | Bow Saw |
| 21:37 | Crear | Villager (Male) |
| 21:51 | Construir | Palisade Wall |
| 21:53 | Construir | House |
| 21:54 | Construir | House |
| 22:13 | Crear | Knight |
| 22:16 | Crear | Knight |
| 22:19 | Crear | Spearman |
| 22:24 | Crear | Spearman |
| 22:26 | Construir | Farm |
| 22:31 | Crear | Villager (Male) |
| 22:34 | Construir | Farm |
| 22:42 | Investigar | Heavy Plow |
| 23:00 | Construir | House |
| 23:03 | Crear | Knight |
| 23:04 | Crear | Knight |
| 23:07 | Construir | House |
Build order — zsteele99
Primeras 150 de 352 acciones detectadas
| 0:00 | Crear | Villager (Male) |
| 0:00 | Crear | Villager (Male) |
| 0:00 | Crear | Villager (Male) |
| 0:01 | Crear | Villager (Male) |
| 0:03 | Construir | House |
| 0:04 | Construir | House |
| 1:33 | Crear | Villager (Male) |
| 1:47 | Construir | Lumber Camp |
| 1:49 | Construir | House |
| 1:59 | Crear | Villager (Male) |
| 2:24 | Crear | Villager (Male) |
| 2:54 | Crear | Villager (Male) |
| 2:54 | Crear | Villager (Male) |
| 2:54 | Crear | Villager (Male) |
| 3:10 | Crear | Villager (Male) |
| 4:03 | Crear | Villager (Male) |
| 4:03 | Crear | Villager (Male) |
| 4:31 | Construir | Mill |
| 4:48 | Crear | Villager (Male) |
| 4:48 | Crear | Villager (Male) |
| 4:59 | Construir | House |
| 5:14 | Crear | Villager (Male) |
| 5:15 | Crear | Villager (Male) |
| 5:15 | Crear | Villager (Male) |
| 5:16 | Investigar | Loom |
| 5:33 | Construir | House |
| 5:37 | Construir | Palisade Wall |
| 5:47 | Construir | Palisade Wall |
| 7:03 | Investigar | Feudal Age |
| 7:56 | Crear | Villager (Male) |
| 7:56 | Crear | Villager (Male) |
| 9:15 | Edad | Edad Feudal |
| 9:20 | Construir | Stable |
| 9:24 | Investigar | Double-Bit Axe |
| 9:49 | Crear | Villager (Male) |
| 10:03 | Crear | Villager (Male) |
| 10:20 | Construir | Stable |
| 10:25 | Crear | Villager (Male) |
| 10:47 | Construir | Watch Tower |
| 10:50 | Crear | Villager (Male) |
| 10:56 | Crear | Scout Cavalry |
| 10:56 | Crear | Scout Cavalry |
| 10:57 | Crear | Scout Cavalry |
| 11:00 | Investigar | Horse Collar |
| 11:09 | Crear | Villager (Male) |
| 11:34 | Construir | House |
| 11:36 | Construir | House |
| 11:43 | Crear | Villager (Male) |
| 12:02 | Crear | Villager (Male) |
| 12:13 | Crear | Scout Cavalry |
| 12:20 | Construir | Farm |
| 12:23 | Construir | Farm |
| 12:25 | Construir | Farm |
| 12:27 | Construir | Farm |
| 12:29 | Construir | House |
| 12:31 | Crear | Villager (Male) |
| 12:34 | Construir | Farm |
| 12:35 | Construir | Farm |
| 12:47 | Construir | Blacksmith |
| 13:04 | Crear | Villager (Male) |
| 13:18 | Crear | Villager (Male) |
| 13:19 | Crear | Scout Cavalry |
| 13:34 | Construir | House |
| 13:38 | Construir | Palisade Wall |
| 13:42 | Construir | Lumber Camp |
| 13:45 | Crear | Scout Cavalry |
| 13:51 | Construir | Farm |
| 13:53 | Construir | Farm |
| 14:06 | Crear | Scout Cavalry |
| 14:11 | Construir | Farm |
| 14:25 | Crear | Villager (Male) |
| 14:32 | Construir | Mining Camp |
| 14:43 | Construir | Farm |
| 14:45 | Crear | Villager (Male) |
| 14:49 | Construir | Farm |
| 14:56 | Investigar | Scale Barding Armor |
| 15:04 | Crear | Villager (Male) |
| 15:07 | Construir | Farm |
| 15:21 | Crear | Villager (Male) |
| 15:27 | Construir | Farm |
| 15:31 | Construir | House |
| 15:37 | Construir | Palisade Wall |
| 15:40 | Construir | Palisade Wall |
| 15:42 | Crear | Villager (Male) |
| 15:49 | Construir | Palisade Gate |
| 15:56 | Construir | Palisade Wall |
| 15:57 | Construir | Palisade Wall |
| 16:01 | Construir | Palisade Wall |
| 16:06 | Crear | Scout Cavalry |
| 16:22 | Crear | Villager (Male) |
| 16:30 | Construir | Lumber Camp |
| 16:34 | Crear | Villager (Male) |
| 16:52 | Crear | Villager (Male) |
| 16:59 | Crear | Villager (Male) |
| 17:09 | Construir | Farm |
| 17:09 | Construir | Farm |
| 17:09 | Construir | Farm |
| 17:10 | Construir | Farm |
| 17:20 | Investigar | Bloodlines |
| 17:47 | Investigar | Forging |
| 17:53 | Crear | Scout Cavalry |
| 18:11 | Crear | Villager (Male) |
| 18:29 | Construir | Farm |
| 18:38 | Crear | Scout Cavalry |
| 18:40 | Crear | Villager (Male) |
| 18:47 | Construir | House |
| 19:03 | Construir | House |
| 19:08 | Crear | Villager (Male) |
| 19:27 | Construir | Farm |
| 19:28 | Construir | Farm |
| 19:28 | Construir | Farm |
| 19:28 | Construir | Farm |
| 19:28 | Construir | Farm |
| 19:29 | Construir | Farm |
| 19:30 | Construir | Farm |
| 19:35 | Crear | Villager (Male) |
| 19:38 | Construir | Farm |
| 19:41 | Construir | Farm |
| 19:43 | Construir | Farm |
| 19:53 | Crear | Villager (Male) |
| 20:11 | Construir | Farm |
| 20:21 | Construir | Farm |
| 20:22 | Construir | Farm |
| 20:24 | Crear | Villager (Male) |
| 20:47 | Crear | Villager (Male) |
| 21:22 | Investigar | Castle Age |
| 21:28 | Investigar | Gold Mining |
| 21:49 | Investigar | Fletching |
| 21:53 | Construir | House |
| 21:54 | Construir | House |
| 21:58 | Construir | Stable |
| 22:00 | Construir | Stable |
| 22:36 | Crear | Scout Cavalry |
| 22:36 | Crear | Scout Cavalry |
| 22:36 | Crear | Scout Cavalry |
| 22:47 | Construir | House |
| 23:00 | Crear | Scout Cavalry |
| 23:01 | Crear | Scout Cavalry |
| 23:01 | Crear | Scout Cavalry |
| 23:02 | Crear | Scout Cavalry |
| 23:16 | Construir | Market |
| 23:21 | Crear | Villager (Male) |
| 23:36 | Crear | Villager (Male) |
| 23:39 | Crear | Scout Cavalry |
| 23:39 | Crear | Scout Cavalry |
| 23:39 | Crear | Scout Cavalry |
| 23:52 | Construir | House |
| 24:02 | Edad | Edad de los Castillos |
| 24:26 | Crear | Battle Elephant |
| 24:26 | Crear | Battle Elephant |
Cronología de la partida
| 5:33 | HuasoNinja · first_building Barracks |
| 5:37 | zsteele99 · wall_segment Palisade Wall x2 |
| 5:47 | zsteele99 · wall_segment Palisade Wall x2 |
| 8:53 | HuasoNinja · age_up feudal |
| 9:14 | HuasoNinja · first_building Archery Range |
| 9:15 | zsteele99 · age_up feudal |
| 9:20 | zsteele99 · first_building Stable |
| 10:12 | HuasoNinja · wall_segment Palisade Wall x5 |
| 13:38 | zsteele99 · wall_segment Palisade Wall x7 |
| 14:09 | HuasoNinja · wall_segment Palisade Wall x6 |
| 14:23 | HuasoNinja · wall_segment Palisade Wall x5 |
| 14:25 | HuasoNinja · wall_segment Palisade Wall x8 |
| 15:37 | zsteele99 · wall_segment Palisade Wall x2 |
| 15:40 | zsteele99 · wall_segment Palisade Wall x4 |
| 15:44 | HuasoNinja · wall_segment Palisade Wall x1 |
| 15:45 | HuasoNinja · wall_segment Palisade Wall x1 |
| 15:45 | HuasoNinja · wall_segment Palisade Wall x1 |
| 15:46 | HuasoNinja · wall_segment Palisade Wall x1 |
| 15:46 | HuasoNinja · wall_segment Palisade Wall x1 |
| 15:56 | zsteele99 · wall_segment Palisade Wall x7 |
| 15:57 | zsteele99 · wall_segment Palisade Wall x1 |
| 16:01 | zsteele99 · wall_segment Palisade Wall x18 |
| 16:33 | HuasoNinja · wall_segment Palisade Wall x7 |
| 17:25 | HuasoNinja · wall_segment Palisade Wall x4 |
| 18:59 | HuasoNinja · first_building Stable |
| 21:09 | HuasoNinja · age_up castle |
| 21:51 | HuasoNinja · wall_segment Palisade Wall x1 |
| 22:41 | HuasoNinja · first_market_buy 100 food |
| 23:53 | HuasoNinja · first_building Siege Workshop |
| 24:02 | zsteele99 · age_up castle |
| 24:54 | zsteele99 · first_building Monastery |
| 26:13 | HuasoNinja · first_building Monastery |
| 26:21 | zsteele99 · first_building Siege Workshop |
| 27:00 | HuasoNinja · wall_segment Palisade Wall x1 |
| 27:03 | HuasoNinja · wall_segment Stone Wall x1 |
| 28:08 | zsteele99 · first_market_sell 100 wood |
| 28:10 | zsteele99 · first_market_buy 100 stone |
| 35:37 | HuasoNinja · first_building Castle |
| 38:58 | zsteele99 · age_up imperial |
| 41:27 | HuasoNinja · first_market_sell 100 wood |
| 42:46 | HuasoNinja · wall_segment Palisade Wall x1 |
| 42:47 | HuasoNinja · wall_segment Palisade Wall x1 |
| 42:47 | HuasoNinja · wall_segment Palisade Wall x1 |
| 44:40 | HuasoNinja · age_up imperial |
| 47:41 | zsteele99 · resign |
[ ANÁLISIS IA · 1 CRÉDITO ]
¿Qué pasó realmente en esta partida?
Wolo.gg analiza cada decisión: build order, eco, micro, errores típicos por bracket. Análisis personalizado por WhatsApp o Discord en 30 segundos.
Guía civ
Romanos
Guía mapa
Arabia
Perfil
Jugador #275651